 Dungeon Crawl Stone Soup version 0.32-a0-485-g70f7560b1c (webtiles) character file.

Game seed: 12112657858482832474

132 Malificent the Charlatan (level 4, -1/52 HPs)
             Began as a Draconian Artificer on Feb 26, 2024.
             Was a Follower of the Shining One.
             Slain by a phantom (2 damage)
             ... on level 4 of the Dungeon on Feb 27, 2024.
             The game lasted 00:12:27 (3046 turns).

Malificent the Charlatan (Draconian Artificer)      Turns: 3046, Time: 00:12:27

Health: -1/52      AC: 22    Str: 22    XL:     4   Next: 92%
Magic:  4/4        EV:  2    Int: 12    God:    the Shining One [*.....]
Gold:   13         SH:  0    Dex: 11    Spells: 3/3 levels left

rFire   . . .        a - +0 club
rCold   . . .        (no shield)
rNeg    . . .        (body armour unavailable)
rPois   +            (helmet currently unavailable)
rElec   .            (cloak currently unavailable)
rCorr   .            (gloves currently unavailable)
SInv    .            (boots currently unavailable)
Will    .....        (no amulet)
Stlth   +            f - +6 ring of strength
HPRegen 0.28/turn    (no ring)
MPRegen 0.09/turn

%: no passive effects
@: tree-form, glowing
A: stationary, stasis, torment immunity, boosted hp, AC +5, unfitting armour,
(cold-blooded)
a: Renounce Religion, Divine Shield


You were on level 4 of the Dungeon.
You worshipped the Shining One.
The Shining One was aware of your devotion.
You were a tree.
You visited 1 branch of the dungeon, and saw 4 of its levels.

You collected 95 gold pieces.
You spent 73 gold pieces at shops.
You donated 9 gold pieces to Zin.

Inventory:

Hand Weapons
 a - a +0 club (weapon)
Magical Staves
 h - a staff of alchemy
Jewellery
 b - a ring of fire
 f - a +6 ring of strength (left branch)
Talismans
 j - a blade talisman
Wands
 c - a wand of charming (8)
 d - a wand of iceblast (2)
Scrolls
 g - a scroll of vulnerability
 k - a scroll of noise {unknown}
 l - 2 scrolls of enchant weapon {unknown}
 m - 3 scrolls of identify
Potions
 e - 2 potions of attraction
 i - 2 potions of lignification


   Skills:
 + Level 1.5 Fighting
 + Level 2.4 Maces & Flails
 + Level 2.6 Dodging
 + Level 1.1 Stealth
 * Level 0.5 Invocations
 * Level 4.1 Evocations
 * Level 0.6 Shapeshifting


You had 3 spell levels left.
You didn't know any spells.
Your spell library contained the following spells:

 Spells                   Type           Power      Damage    Failure   Level
 Magic Dart               Conj           0%         1d3       32%         1
 Searing Ray              Conj           0%         2d4       45%         2
 Tukima's Dance           Hex            0%         N/A       69%         3
 Fulminant Prism          Conj/Alch      0%         3d5       97%         4
 Passage of Golubria      Tloc           0%         N/A       97%         4
 Yara's Violent Unravell  Hex/Alch       0%         3d3       100%        5


Dungeon Overview and Level Annotations

Branches:
Dungeon (4/15)
 Temple: D:4-7

Altars:
Fedhas
Makhleb
Okawaru
Ru
Trog
Vehumet
Zin
The Shining One

Shops:
D:2 *   D:3 ?


Innate Abilities, Weirdness & Mutations

You are a tree.
Your roots penetrate the ground, keeping you stationary.
You cannot be teleported.
You are immune to unholy pain and torment.
Your maximum health is greatly increased.
Your equipment is partially melded.
((Your plain brown scales are hard. (AC +5)))
You cannot fit into any form of body armour.
((You are cold-blooded and may be slowed by cold attacks.))


Message History

The orc wizard mumbles some strange words.
The orc wizard flickers and vanishes for a moment.
The phantom hits you but does no damage.
The orc wizard hits you but does no damage.
The phantom hits you but does no damage.
The orc wizard hits you but does no damage.
The phantom barely misses you.
The orc wizard hits you but does no damage.
The phantom hits you but does no damage.
The orc wizard hits you but does no damage.
The phantom hits you.
* * * LOW HITPOINT WARNING * * *
The orc wizard hits you but does no damage.
The phantom hits you but does no damage.
The orc wizard hits you but does no damage.
The phantom hits you but does no damage.
The orc wizard casts a spell at you. You resist with some effort.
You feel less confused.
The phantom hits you but does no damage.
The orc wizard hits you with a +0 dagger.
* * * LOW HITPOINT WARNING * * *
Unknown command.
The phantom hits you but does no damage.
The orc wizard hits you but does no damage.
You barely miss the orc wizard.
The orc wizard is almost dead.
The phantom hits you but does no damage.
The orc wizard hits you but does no damage.
You hit the orc wizard but do no damage.
The orc wizard is almost dead.
The phantom hits you but does no damage.
The orc wizard hits you but does no damage.
The orc wizard hits you with a +0 dagger.
* * * LOW HITPOINT WARNING * * *
The phantom hits you but does no damage.
You hit the orc wizard.
You kill the orc wizard!
The phantom hits you.
You die...

#...#
####..$#######
#####....<.......#
..............##.#
#............#
#.)...##.!...###.#
##..!.##.........#
##.#.##.....##..#
#.#.#####)♣##..###
#.#.#####.)W.)....
##'#.......<..).##.
##...######.###.##
##.....## #.###.#
##.......## #.#...#
#.........###....##
+.........'.......#
#.........###....##


You could see a phantom.

Vanquished Creatures
  An orc wizard (D:4)
  2 adders
  3 gnolls (D:4)
  4 ribbon worms
  3 dart slugs
  2 orcs (D:4)
  3 endoplasms (D:1)
  A giant cockroach (D:1)
  5 goblins
  5 hobgoblins
  5 jackals
  2 quokkas (D:1)
  A ball python (D:2)
  8 bats
  6 frilled lizards
  5 kobolds
  5 rats (D:1)
61 creatures vanquished.

Vanquished Creatures (others)
  An orc wizard (D:4)
  A bat (D:1)
  2 jackals (D:1)
4 creatures vanquished.

Grand Total: 65 creatures vanquished

Notes
Turn   | Place    | Note
-------+----------+-------------------------------------------
     0 | D:1      | Malificent the Draconian Artificer began the quest for the
                  | Orb.
     0 | D:1      | Reached XP level 1. HP: 16/16 MP: 1/1
    97 | D:1      | Reached XP level 2. HP: 6/23 MP: 2/2
   583 | D:1      | Reached XP level 3. HP: 28/28 MP: 3/3
   721 | D:1      | Found a faded altar of an unknown god.
   736 | D:1      | Reached skill level 1 in Maces & Flails
   737 | D:1      | Prayed at the altar of an unknown god.
   737 | D:1      | Became a worshipper of Zin the Law-Giver
   737 | D:1      | Reached * piety under Zin
  1078 | D:2      | Found Mykkenisk's General Store.
  1098 | D:2      | Reached skill level 4 in Evocations
  1104 | D:2      | Bought a potion of degeneration for 13 gold pieces
  1365 | D:2      | Reached skill level 1 in Stealth
  1853 | D:3      | Reached ** piety under Zin
  1988 | D:3      | Found a blossoming altar of Fedhas.
  2030 | D:3      | Found a burning altar of Makhleb.
  2030 | D:3      | Found a bloodstained altar of Trog.
  2030 | D:3      | Found an iron altar of Okawaru.
  2031 | D:3      | Found a glowing golden altar of the Shining One.
  2034 | D:3      | Fell from the grace of Zin
  2034 | D:3      | Became a worshipper of the Shining One
  2036 | D:3      | Found a sacrificial altar of Ru.
  2037 | D:3      | Found a radiant altar of Vehumet.
  2104 | D:3      | Reached XP level 4. HP: 35/35 MP: 4/4
  2190 | D:3      | Reached * piety under the Shining One
  2709 | D:3      | Found Ysaq's Magic Scroll Emporium.
  2712 | D:3      | Bought a scroll of identify for 20 gold pieces
  2712 | D:3      | Bought a scroll of identify for 20 gold pieces
  2712 | D:3      | Bought a scroll of identify for 20 gold pieces
  3007 | D:4      | Noticed a phantom
  3039 | D:4      | HP: 1/52 [phantom (3)]
  3045 | D:4      | HP: 1/52 [orc wizard/+0 dagger (1)]
  3046 | D:4      | Slain by a phantom

Illustrated notes

Levels and vault maps discovered:
D:1:      sevenhm_arrival_forest_fort_small_5, layout_rooms,
          hellmonk_ecumenical_altar_run_dry
D:2:      layout_loops_ring, serial_shops, shop
D:3:      layout_basic, minitemple, mainiacjoe_overflow_concentric_impassable,
          serial_shops, nicolae_shop_rolled_up, kennysheep_big_empty_room
D:4:      layout_loops_corners, evilmike_ruin_ashenzari

Skill      XL: |  1  2  3  4 |
---------------+-------------+-----
Maces & Flails | 1 2 |  2.4
Evocations     | 4 |  4.1
Stealth        | 1 |  1.1
Fighting       | |  1.5
Dodging        | |  2.6
Invocations    | |  0.5
Shapeshifting  | |  0.6

Action                     |  1- 3 |  4- 6 || total
---------------------------+-------+-------++-------
  Melee: Club              |   167 |    40 ||   207
         Tailslap          |    12 |    12 ||    24
  Evoke: Wand              |    15 |    10 ||    25
    Use: Scroll            |     3 |       ||     3
         Potion            |       |     1 ||     1
   Stab: Distracted        |     1 |       ||     1
 Armour: Skin              |   122 |    64 ||   186
  Dodge: Dodged            |   123 |    23 ||   146

Table legend: (Time is in decaauts)
 A = Elapsed time spent in this place.
 B = Non-inter-level travel time spent in this place.
 C = Inter-level travel time spent in this place.
 D = Time resting spent in this place.
 E = Time spent auto-exploring this place.
 F = Levels seen in this place.
 G = Mean time per level.
                   A        B        C        D        E       F      G
               +--------+--------+--------+--------+--------+-----+--------+
         Total |   3104 |   2947 |    157 |    463 |   1787 |   4 |  776.0 |
       Dungeon |   3104 |   2947 |    157 |    463 |   1787 |   4 |  776.0 |
               +--------+--------+--------+--------+--------+-----+--------+

Top non-repeatable levels by time:
     D:3: 1164 daAuts
     D:2: 932 daAuts
     D:1: 895 daAuts
     D:4: 112 daAuts
